 Dungeon Sprint DCSS version 0.22-a0-619-ga0c6fd2 (webtiles) character file.

9 collin38 the Magician (level 2, -18/22 HPs)
             Began as an Octopode Fire Elementalist on July 15, 2018.
             Was an Initiate of Vehumet.
             Demolished by a vault warden
             ... wielding a +0 bardiche
              (40 damage)
             ... in the Dungeon (Sprint V: "Ziggurat Sprint").
             The game lasted 00:01:27 (102 turns).

collin38 the Magician (Octopode Fire Elementalist)   Turns: 102, Time: 00:01:28

Health: -18/22     AC:  1    Str:  7    XL:     2   Next: 12%
Magic:  7/7        EV: 12    Int: 17    God:    Vehumet [......]
Gold:   0          SH:  6    Dex: 12    Spells: 8/9 levels left

rFire    . . .     SeeInvis .   I - +5 demon whip
rCold    . . .     Gourm    .   H - +3 buckler
rNeg     . . .     Faith    .   (helmet restricted)
rPois    .         Spirit   .   (no amulet)
rElec    .         Reflect  .   (no ring)
rCorr    .         Harm     .   (no ring)
MR       .....     NoTele   +   (no ring)
Stlth    +++.......             (no ring)
HPRegen  0.07/turn              (no ring)
MPRegen  0.10/turn              (no ring)
                                (no ring)
                                (no ring)

@: very slightly contaminated, invisible
A: almost no armour, stealthy swim, amphibious, 8 rings, constrict 8, camouflage
1, gelatinous body 1
a: Renounce Religion


You were in the Dungeon.
You worshipped Vehumet.
Vehumet was noncommittal.
You were not hungry.

You visited 1 branch

Inventory:

Hand Weapons
 F - the +6 Majin-Bo {vamp, Archmagi MP+6 Int+6}
   (You found it in the Dungeon)

   It inflicts no extra harm, but heals its wielder when it wounds a living foe.
   It affects your intelligence (+6).
   It affects your magic capacity (+6).
 I - a +5 demon whip (weapon)
Armour
 G - the +18 shield of the Gong {rElec rN+ MR+ EV-5}
   (You found it in the Dungeon)

   It affects your evasion (-5).
   It insulates you from electricity.
   It protects you from negative energy.
   It affects your resistance to hostile enchantments.
 H - a +3 buckler (worn)
Magical Staves
 w - an uncursed staff of energy
Jewellery
 y - a +6 ring of dexterity
 z - a +6 ring of dexterity
 A - a +6 ring of intelligence
 B - a +6 ring of intelligence
 C - a +6 ring of strength
 D - a +6 ring of strength
Wands
 t - a wand of disintegration (7)
 u - a wand of iceblast (7)
 v - a wand of acid (7)
Scrolls
 h - 4 scrolls of blinking
 n - 4 scrolls of amnesia
 o - 7 scrolls of fog
 p - a scroll of holy word
 q - 5 scrolls of identify
 r - 5 scrolls of remove curse
 s - 2 scrolls of fear
Potions
 a - 2 potions of brilliance
 c - 10 potions of curing
 d - 8 potions of heal wounds
 e - 6 potions of haste
 f - 7 potions of magic
 g - 3 potions of berserk rage
 i - a potion of invisibility
 j - 4 potions of resistance
 l - 5 potions of agility
 m - 5 potions of might
Miscellaneous
 x - a crystal ball of energy
 E - a lightning rod (3/4)
Comestibles
 b - 7 rations


   Skills:
 + Level 4.0 Fighting
 + Level 2.0 Dodging
 + Level 2.6 Stealth
 + Level 4.4 Spellcasting
 + Level 4.2 Conjurations
 + Level 3.0 Fire Magic


You had 8 spell levels left.
You knew the following spells:

 Your Spells              Type           Power        Failure   Level  Hunger
a - Flame Tongue          Conj/Fire      ###..        6%          1    None

Your spell library contained the following spells:

 Spells                   Type           Power        Failure   Level  Hunger
 Fireball                 Conj/Fire      ###.......   85%         5    ######.
 Conjure Flame            Conj/Fire      ###.....     17%         3    ###....
 Throw Flame              Conj/Fire      ###...       9%          2    ##.....
 Sticky Flame             Conj/Fire      ###.....     50%         4    ####...
 Inner Flame              Hex/Fire       #.......     38%         3    ###....


Dungeon Overview and Level Annotations

Branches:
Dungeon (1/1)

Altars:
Ashenzari
Cheibriados
Dithmenos
Elyvilon
Fedhas
Gozag
Hepliaklqana
Kikubaaqudgha
Makhleb
Nemelex Xobeh
Okawaru
Qazlal
Ru
Sif Muna
Trog
Uskayaw
Vehumet
Wu Jian
Xom
Yredelemnul
Zin
The Shining One
Beogh
Jiyva
Lugonu

Annotations:
D 1 transporter


Innate Abilities, Weirdness & Mutations

You cannot wear most types of armour.
You are very stealthy in the water. (Stealth+)
You are amphibious.
You can wear up to eight rings at the same time.
You can use your tentacles to constrict eight enemies at once.
Your skin changes colour to match your surroundings (Stealth+).
Your rubbery body absorbs attacks. (AC +1, EV +1)


Message History

Evoke which item? (* to show all) (? for menu, Esc to quit)
Aiming: Thunderbolt
Press: ? - help, Shift-Dir - straight line, f - adder simulacrum
Aim: an adder simulacrum The thunderbolt hits the vault warden.
The vault warden is lightly wounded.
The thunderbolt hits the adder simulacrum.
The adder simulacrum vapourises!
Vehumet accepts your kill. The vault warden barely misses you.
Evoke which item? (* to show all) (? for menu, Esc to quit)
Okay, then.
You feel much better.
Really walk into that cloud of freezing vapour?
Okay, then.
The vault warden hits you with a bardiche!
You feel much better.
The vault warden hits you with a bardiche!!!
Ouch! That really hurt!
You die...

▓▓▓▓▓▓▓
▓.8©8.▓
▓.....▓
▓.).".▓
▓..p..▓
▓...@.▓
▓..©..▓
▓▓▓▓▓▓▓


You could see a vault warden.

Vanquished Creatures
  An adder simulacrum (D)
1 creature vanquished.

Vanquished Creatures (others)
  2 spatial maelstroms (D)
2 creatures vanquished.

Grand Total: 3 creatures vanquished

Notes
Turn   | Place    | Note
-------+----------+-------------------------------------------
     0 | D        | Found the +6 Majin-Bo {vamp, Archmagi MP+6 Int+6}
     0 | D        | Found the +7 great mace "Firestarter" {inner flame, rF++}
     0 | D        | collin38 the Octopode Fire Elementalist began the quest for the Orb.
     0 | D        | Reached XP level 1. HP: 11/11 MP: 3/3
     0 | D        | Found a deep blue altar of Sif Muna.
     0 | D        | Found a sacrificial altar of Ru.
     0 | D        | Found a bloodstained altar of Trog.
     0 | D        | Found a stormy altar of Qazlal.
     0 | D        | Found an iron altar of Okawaru.
     0 | D        | Found a sparkling altar of Nemelex Xobeh.
     0 | D        | Found a blossoming altar of Fedhas.
     2 | D        | Found a transporter.
     2 | D        | Found an ancient bone altar of Kikubaaqudgha.
     2 | D        | Found a viscous altar of Jiyva.
     2 | D        | Found a corrupted altar of Lugonu.
     2 | D        | Found a hazy altar of Hepliaklqana.
     2 | D        | Found a burning altar of Makhleb.
     2 | D        | Found an opulent altar of Gozag.
     8 | D        | Banished a spatial maelstrom
    18 | D        | Banished a spatial maelstrom
    19 | D        | Found the +9 heavy crossbow "Sniper" {velocity, Acc+∞ SInv}
    19 | D        | Found the +10 dark maul {crush}
    19 | D        | Found the +15 Maxwell's patent armour {-Cast -Tele rElec MR+ rCorr}
    19 | D        | Found the +18 shield of the Gong {rElec rN+ MR+ EV-5}
    19 | D        | Found the cursed +14 obsidian axe {chop, +Fly SInv *Curse}
    53 | D        | Became a worshipper of Vehumet
    67 | D        | Reached XP level 2. HP: 22/22 MP: 4/7
    97 | D        | Entered arena 2.
    97 | D        | Noticed a vault warden
    97 | D        | Found a transporter.
   102 | D        | Demolished by a vault warden

Vault maps used:
D:        sprint_v

Skill      XL: |  1 |
---------------+----+-----
Fighting       | 4 |  4.0
Spellcasting   | 4 |  4.4
Conjurations   | 4 |  4.2
Dodging        | |  2.0
Stealth        | |  2.6
Fire Magic     | |  3.0

Action                   || total
-------------------------++-------
Evoke: Lightning rod     ||     1
  Use: Potion            ||     4
Dodge: Dodged            ||     1

Table legend:
 A = Spawn XP
 B = Non-spawn XP
 C = Spawn XP percentage of total XP
 D = Spawn monster count
 E = Non-spawn monster count
 F = Spawn count percentage of total count
 G = Total turns spent on level
                    A         B        C        D         E        F      G
               +---------+---------+-------+---------+---------+-------+---------
         Total |       0 |       3 |   0.0 |       0 |       1 |   0.0 |   102
               +---------+---------+-------+---------+---------+-------+---------
             D |       0 |       3 |   0.0 |       0 |       1 |   0.0 |   102
               +---------+---------+-------+---------+---------+-------+---------
